PINL
FARGO BREWMASTERS @ OGDEN SPIKES
07/27/1982
 
TOP OF THE 1ST
Fargo Brewmasters batting - Pitching for Ogden Spikes : RHP Timothy Steverson
Pitching: RHP Timothy Steverson
Batting: SHB Angel Escobar 0-0: Called Strike
0-1: Foul Ball, location: 2F
0-2: Ball
1-2: Ball
2-2: Ball
3-2: Base on Balls
Batting: LHB Victor Fernandez 0-0: Ball
1-0: DOUBLE (Groundball, 5L, EV 100.6 MPH)
Angel Escobar to third
Runner from 3rd tries for Home, SAFE, no throw by LF
Batting: RHB Forace Oxendine 0-0: Ball
1-0: Ball
2-0: Called Strike
2-1: Ball
3-1: Base on Balls
Batting: RHB Dick E Scott 0-0: Ball
1-0: Swinging Strike
1-1: Fielders Choice at 2nd, 4-6 (Groundball, 4S, EV 80.6 MPH)
Victor Fernandez to third
Batting: RHB Gus Polidor 0-0: Ball
1-0: Ball
2-0: Called Strike
2-1: Fly out, F8 (Flyball, 8LS, EV 95.6 MPH)
Batting: RHB Juan Picart 0-0: SINGLE (Groundball, 34D, EV 101.9 MPH)
Victor Fernandez scores
Dick E Scott to second
Runner from 2nd tries for 3rd, OUT! 9-5
Top of the 1st over - 2 runs, 2 hits, 0 errors, 1 left on base; Fargo 2 - Ogden 0
BOTTOM OF THE 1ST
Ogden Spikes batting - Pitching for Fargo Brewmasters : RHP Alex Maldonado
Pitching: RHP Alex Maldonado
Batting: RHB Ken Jackson 0-0: Swinging Strike
0-1: Ball
1-1: Ball
2-1: SOLO HOME RUN (Line Drive, 7D, EV 109.4 MPH), Distance : 383 ft
Batting: LHB Lenny Harris 0-0: Called Strike
0-1: Ball
1-1: Ground out U3 (Groundball, 34, EV 88.1 MPH)
Batting: LHB Everett Graham 0-0: Ball
1-0: Foul Ball, location: 2F
1-1: Ball
2-1: Foul Ball, location: 2F
2-2: Foul Ball, location: 2F
2-2: Foul Ball, location: 2F
2-2: Fly out, F8 (Flyball, 8RM, EV 95.6 MPH)
Batting: LHB Roberto Casasnovas 0-0: Called Strike
0-1: Called Strike
0-2: Ball
1-2: Foul Ball, location: 2F
1-2: Ball
2-2: Foul Ball, location: 2F
2-2: Ball
3-2: Fly out, F7 (Flyball, 7S, EV 87.5 MPH)
Bottom of the 1st over - 1 run, 1 hit, 0 errors, 0 left on base; Fargo 2 - Ogden 1
TOP OF THE 2ND
Fargo Brewmasters batting - Pitching for Ogden Spikes : RHP Timothy Steverson
Batting: SHB Elton Hooker 0-0: Called Strike
0-1: SINGLE (Flyball, 5D, EV 87.5 MPH)
Batting: RHB Adolph Crump 0-0: Grounds into double play, 4-6-3 (Groundball, 4, EV 105.6 MPH)
Batting: RHB Randall Thorpe 0-0: SINGLE (Groundball, 6MD, EV 106.3 MPH)
Batting: SHB Angel Escobar 0-0: Called Strike
0-1: Ground out U3 (Groundball, 34, EV 105.6 MPH)
Top of the 2nd over - 0 runs, 2 hits, 0 errors, 1 left on base; Fargo 2 - Ogden 1
BOTTOM OF THE 2ND
Ogden Spikes batting - Pitching for Fargo Brewmasters : RHP Alex Maldonado
Batting: LHB Marvin Parker 0-0: Fly out, F9 (Flyball, 9LS, EV 97.5 MPH)
Batting: RHB Jeffrey Smith 0-0: Ground out 4-3 (Groundball, 34, EV 104.4 MPH)
Batting: RHB Joey Mackay 0-0: Ball
1-0: Called Strike
1-1: Ball
2-1: Called Strike
2-2: Strikes out swinging
Bottom of the 2nd over - 0 runs, 0 hits, 0 errors, 0 left on base; Fargo 2 - Ogden 1
TOP OF THE 3RD
Fargo Brewmasters batting - Pitching for Ogden Spikes : RHP Timothy Steverson
Batting: LHB Victor Fernandez 0-0: Ball
1-0: Ball
2-0: Foul Ball, location: 2F
2-1: Called Strike
2-2: Ball
3-2: Foul Ball, location: 2F
3-2: Foul Ball, location: 2F
3-2: Strikes out swinging
Batting: RHB Forace Oxendine 0-0: Fly out, F8 (Flyball, 8LXD, EV 101.9 MPH)
Batting: RHB Dick E Scott 0-0: Ground out 6-3 (Groundball, 6, EV 92.5 MPH)
Top of the 3rd over - 0 runs, 0 hits, 0 errors, 0 left on base; Fargo 2 - Ogden 1
BOTTOM OF THE 3RD
Ogden Spikes batting - Pitching for Fargo Brewmasters : RHP Alex Maldonado
Batting: SHB Mark Lemke 0-0: Ball
1-0: Ball
2-0: Ball
3-0: Base on Balls
Batting: RHB Terry Bell 0-0: SINGLE (Groundball, 56D, EV 102.5 MPH)
Mark Lemke to second
Batting: RHB Ken Jackson 0-0: Ground out 3-1 (Groundball, 13, EV 90.0 MPH)
Mark Lemke to third
Terry Bell to second
Batting: LHB Lenny Harris 0-0: Ball
1-0: Fly out, F4 (Popup, 34S, EV 73.8 MPH)
Batting: LHB Everett Graham 0-0: Foul Ball, location: 2F
0-1: Ball
1-1: Swinging Strike
1-2: Foul Ball, location: 2F
1-2: Foul Ball, location: 2F
1-2: Fly out, F8 (Flyball, 89M, EV 85.0 MPH)
Bottom of the 3rd over - 0 runs, 1 hit, 0 errors, 2 left on base; Fargo 2 - Ogden 1
TOP OF THE 4TH
Fargo Brewmasters batting - Pitching for Ogden Spikes : RHP Timothy Steverson
Batting: RHB Gus Polidor 0-0: Ball
1-0: Ball
2-0: Called Strike
2-1: Fly out, F8 (Line Drive, 8RM, EV 101.3 MPH)
Batting: RHB Juan Picart 0-0: Ball
1-0: DOUBLE (Flyball, 78D, EV 105.6 MPH)
Batting: SHB Elton Hooker 0-0: Ball
1-0: Called Strike
1-1: SINGLE (Flyball, 56D, EV 91.3 MPH)
Juan Picart to third
Batting: RHB Adolph Crump 0-0: Ball
1-0: Called Strike
1-1: Fly out, F8 (Flyball, 8LM, EV 91.9 MPH)
Batting: RHB Randall Thorpe 0-0: Ball
1-0: Ball
2-0: SINGLE (Line Drive, 8LS, EV 103.8 MPH)
Juan Picart scores
Elton Hooker to second
Runner from 2nd tries for 3rd, SAFE, no throw by CF
Batting: SHB Angel Escobar 0-0: Ball
1-0: Ground out U3 (Groundball, 3L, EV 106.3 MPH)
Top of the 4th over - 1 run, 3 hits, 0 errors, 2 left on base; Fargo 3 - Ogden 1
BOTTOM OF THE 4TH
Ogden Spikes batting - Pitching for Fargo Brewmasters : RHP Alex Maldonado
Batting: LHB Roberto Casasnovas 0-0: Ball
1-0: Called Strike
1-1: Ball
2-1: Ball
3-1: Called Strike
3-2: Foul Ball, location: 2F
3-2: Base on Balls
Batting: LHB Marvin Parker 0-0: Ball
Roberto Casasnovas steals 2nd base
1-0: Ball
2-0: Ball
3-0: Base on Balls
Batting: RHB Jeffrey Smith 0-0: Ball
1-0: Foul Ball, location: 2F
1-1: Ball
2-1: Ball
3-1: Base on Balls
Roberto Casasnovas to third
Marvin Parker to second
Batting: RHB Joey Mackay 0-0: Ball
1-0: Ball
2-0: Ball
3-0: Called Strike
3-1: Called Strike
3-2: DOUBLE (Line Drive, 9LS, EV 111.9 MPH)
Roberto Casasnovas scores
Marvin Parker scores
Jeffrey Smith to third
Batting: SHB Mark Lemke 0-0: Called Strike
0-1: Foul Ball, location: 2F
0-2: Ball
1-2: Ball
2-2: Ground out 4-3 (Groundball, 34, EV 103.8 MPH)
Jeffrey Smith scores
Joey Mackay to third
Batting: RHB Terry Bell 0-0: Ball
1-0: Ball
2-0: Ball
3-0: Base on Balls
Batting: RHB Ken Jackson 0-0: Foul Ball, location: 2F
0-1: Fly out, F4 (Flyball, 3D, EV 92.5 MPH)
Batting: LHB Lenny Harris 0-0: Ball
1-0: Foul Ball, location: 2F
1-1: Ball
2-1: Foul Ball, location: 2F
2-2: Ground out U3 (Groundball, 3, EV 109.4 MPH)
Bottom of the 4th over - 3 runs, 1 hit, 0 errors, 2 left on base; Fargo 3 - Ogden 4
TOP OF THE 5TH
Fargo Brewmasters batting - Pitching for Ogden Spikes : RHP Timothy Steverson
Batting: LHB Victor Fernandez 0-0: Called Strike
0-1: Ball
1-1: SINGLE (Flyball, 56D, EV 85.0 MPH)
Batting: RHB Forace Oxendine 0-0: Called Strike
0-1: Ball
1-1: Ground out 4-3 (Groundball, 13, EV 84.4 MPH)
Victor Fernandez to second
Batting: RHB Dick E Scott 0-0: Swinging Strike
0-1: Swinging Strike
0-2: Strikes out swinging
Batting: RHB Gus Polidor 0-0: Ground out 4-3 (Groundball, 4, EV 86.9 MPH)
Top of the 5th over - 0 runs, 1 hit, 0 errors, 1 left on base; Fargo 3 - Ogden 4
BOTTOM OF THE 5TH
Ogden Spikes batting - Pitching for Fargo Brewmasters : RHP Alex Maldonado
Batting: LHB Everett Graham 0-0: Called Strike
0-1: Ball
1-1: Ball
2-1: DOUBLE (Flyball, 8LD, EV 97.5 MPH)
Batting: LHB Roberto Casasnovas 0-0: Ball
1-0: Called Strike
1-1: Ball
2-1: Foul Ball, location: 2F
2-2: Ground out 5-3 (Groundball, 56, EV 102.5 MPH)
Batting: LHB Marvin Parker 0-0: Ball
Everett Graham is caught stealing 3rd base 2-5
1-0: Called Strike
1-1: Foul Ball, location: 2F
1-2: Ball
2-2: Ball
3-2: Foul Ball, location: 2F
3-2: Base on Balls
Batting: RHB Jeffrey Smith 0-0: Ball
1-0: SINGLE (Flyball, 56D, EV 93.8 MPH)
Marvin Parker to second
Batting: RHB Joey Mackay 0-0: Ball
1-0: Called Strike
1-1: Fielders Choice at 2nd, 5-4 (Groundball, 5, EV 84.4 MPH)
Bottom of the 5th over - 0 runs, 2 hits, 0 errors, 2 left on base; Fargo 3 - Ogden 4
TOP OF THE 6TH
Fargo Brewmasters batting - Pitching for Ogden Spikes : RHP Timothy Steverson
Batting: RHB Juan Picart 0-0: SINGLE (Groundball, 4D, EV 98.1 MPH)
Batting: SHB Elton Hooker 0-0: Bunted foul
0-1: Sac Bunt to 15 - play at first, batter OUT! 1-4
Juan Picart to second
Batting: RHB Adolph Crump 0-0: Ball
Wild Pitch!
Juan Picart to third
1-0: Ball
2-0: Foul Ball, location: 2F
2-1: Called Strike
2-2: Foul Ball, location: 2F
2-2: Ball
3-2: Fly out, F6 (Popup, 56, EV 55.6 MPH)
Batting: RHB Randall Thorpe 0-0: Ball
1-0: Fly out, F9 (Flyball, 9, EV 88.1 MPH)
Top of the 6th over - 0 runs, 1 hit, 0 errors, 1 left on base; Fargo 3 - Ogden 4
BOTTOM OF THE 6TH
Ogden Spikes batting - Pitching for Fargo Brewmasters : RHP Alex Maldonado
Batting: SHB Mark Lemke 0-0: Fly out, F8 (Line Drive, 8RD, EV 90.0 MPH)
Batting: RHB Terry Bell 0-0: Ball
1-0: DOUBLE (Line Drive, 8LD, EV 103.1 MPH)
Batting: RHB Ken Jackson 0-0: Ball
1-0: Ball
2-0: SINGLE (Line Drive, 89M, EV 101.9 MPH)
Terry Bell to third
Runner from 3rd tries for Home, SAFE, throw by RF to home
Batting: LHB Lenny Harris 0-0: Ball
1-0: Ball
Ken Jackson steals 2nd base
2-0: DOUBLE (Line Drive, 9LM, EV 114.4 MPH)
Ken Jackson scores
Pitching: RHP Dennis Miller
Batting: LHB Everett Graham 0-0: Called Strike
0-1: Ball
1-1: Ball
2-1: Fly out, F8 (Flyball, 89M, EV 91.3 MPH)
Batting: LHB Roberto Casasnovas 0-0: Called Strike
0-1: Ball
1-1: Ball
2-1: Foul Ball, location: 2F
2-2: Ball
3-2: Base on Balls
Batting: LHB Marvin Parker 0-0: Foul Ball, location: 2F
0-1: Ball
1-1: Ball
2-1: SINGLE (Line Drive, 56D, EV 99.4 MPH)
Lenny Harris to third
Roberto Casasnovas to second
Runner from 3rd tries for Home, SAFE, throw by LF to home
Batting: RHB Jeffrey Smith 0-0: Ball
1-0: Ball
2-0: Foul Ball, location: 2F
2-1: Called Strike
2-2: Fly out, F8 (Flyball, 89S, EV 83.1 MPH)
Bottom of the 6th over - 3 runs, 4 hits, 0 errors, 2 left on base; Fargo 3 - Ogden 7
TOP OF THE 7TH
Fargo Brewmasters batting - Pitching for Ogden Spikes : RHP Timothy Steverson
Batting: SHB Angel Escobar 0-0: Ball
1-0: Called Strike
1-1: Called Strike
1-2: Foul Ball, location: 2F
1-2: Foul Ball, location: 2F
1-2: Ball
2-2: Ball
3-2: Fly out, F9 (Flyball, 9LM, EV 91.9 MPH)
Batting: LHB Victor Fernandez 0-0: Called Strike
0-1: Foul Ball, location: 2F
0-2: Ball
1-2: SINGLE (Groundball, 34D, EV 104.4 MPH)
Batting: RHB Forace Oxendine 0-0: Ball
1-0: Called Strike
Victor Fernandez is caught stealing 2nd base 2-4
1-1: Ball
2-1: Ground out 6-3 (Groundball, 6M, EV 104.4 MPH)
Top of the 7th over - 0 runs, 1 hit, 0 errors, 0 left on base; Fargo 3 - Ogden 7
BOTTOM OF THE 7TH
Ogden Spikes batting - Pitching for Fargo Brewmasters : RHP Dennis Miller
Batting: RHB Joey Mackay 0-0: Ball
1-0: Foul Ball, location: 2F
1-1: Ball
2-1: Foul Ball, location: 2F
2-2: Ball
3-2: Base on Balls
Batting: SHB Mark Lemke 0-0: Called Strike
0-1: Ball
1-1: SINGLE (Groundball, 6D, EV 106.9 MPH)
Joey Mackay to second
Batting: RHB Terry Bell 0-0: Sac Bunt to 2R - play at first, batter OUT! 2-3
Joey Mackay to third
Mark Lemke to second
Batting: RHB Ken Jackson 0-0: Called Strike
0-1: Swinging Strike
0-2: Ball
1-2: Foul Ball, location: 2F
1-2: Ball
2-2: Foul Ball, location: 2F
2-2: Foul Ball, location: 2F
2-2: Fly out, F8 (Flyball, 8LXD, EV 91.9 MPH)
Runner from 3rd tags up, SCORES, no throw by CF
Mark Lemke to third
Batting: LHB Lenny Harris 0-0: Called Strike
0-1: Ball
Wild Pitch!
Mark Lemke scores
1-1: Ball
2-1: Swinging Strike
2-2: Ground out U3 (Groundball, 3, EV 108.8 MPH)
Bottom of the 7th over - 2 runs, 1 hit, 0 errors, 0 left on base; Fargo 3 - Ogden 9
TOP OF THE 8TH
Fargo Brewmasters batting - Pitching for Ogden Spikes : RHP Timothy Steverson
Batting: RHB Dick E Scott 0-0: Ball
1-0: Ball
2-0: Swinging Strike
2-1: Ball
3-1: DOUBLE (Line Drive, 7LM, EV 100.6 MPH)
Batting: RHB Gus Polidor 0-0: Called Strike
0-1: Ground out 6-3 (Groundball, 6, EV 87.5 MPH)
Batting: RHB Juan Picart 0-0: Ball
1-0: Ball
2-0: Ball
3-0: Called Strike
3-1: SINGLE (Groundball, 56S, EV 73.8 MPH) (infield hit)
Dick E Scott to third
Batting: SHB Elton Hooker 0-0: Ball
1-0: SINGLE (Groundball, 5L, EV 84.4 MPH) (infield hit)
Dick E Scott scores
Juan Picart to second
Batting: RHB Adolph Crump 0-0: Ball
1-0: Ball
2-0: Swinging Strike
2-1: SINGLE (Groundball, 6MD, EV 96.3 MPH)
Juan Picart to third
Elton Hooker to second
Runner from 3rd tries for Home, SAFE, throw by CF to home
Pitching: RHP Douglas Barba
Batting: RHB Randall Thorpe 0-0: Ball
1-0: Foul Ball, location: 2F
1-1: Called Strike
1-2: Strikes out swinging
Batting: SHB Angel Escobar 0-0: Ball
1-0: Swinging Strike
1-1: Called Strike
1-2: Fly out, F9 (Line Drive, 9, EV 90.6 MPH)
Top of the 8th over - 2 runs, 4 hits, 0 errors, 2 left on base; Fargo 5 - Ogden 9
BOTTOM OF THE 8TH
Ogden Spikes batting - Pitching for Fargo Brewmasters : RHP Dennis Miller
Batting: LHB Everett Graham 0-0: Called Strike
0-1: Ball
1-1: Ball
2-1: Called Strike
2-2: Ball
3-2: Foul Ball, location: 2F
3-2: Foul Ball, location: 2F
3-2: Base on Balls
Batting: LHB Roberto Casasnovas 0-0: Foul Ball, location: 2F
0-1: Foul Ball, location: 2F
0-2: Fly out, F7 (Line Drive, 7, EV 84.4 MPH)
Batting: LHB Marvin Parker 0-0: Fielders Choice at 2nd, 4-6 (Groundball, 34, EV 88.1 MPH)
Batting: RHB Jeffrey Smith 0-0: Ball
1-0: Ball
2-0: Ball
3-0: Called Strike
3-1: Base on Balls
Marvin Parker to second
Batting: RHB Joey Mackay 0-0: Foul Ball, location: 2F
0-1: Swinging Strike
0-2: Foul Ball, location: 2F
0-2: Ball
1-2: Foul Ball, location: 2F
1-2: Ball
2-2: Ball
3-2: Fly out, F8 (Flyball, 8RD, EV 88.1 MPH)
Bottom of the 8th over - 0 runs, 0 hits, 0 errors, 2 left on base; Fargo 5 - Ogden 9
TOP OF THE 9TH
Fargo Brewmasters batting - Pitching for Ogden Spikes : RHP Douglas Barba
Batting: LHB Victor Fernandez 0-0: Ball
1-0: Ball
2-0: Fly out, F9 (Flyball, 9, EV 85.0 MPH)
Batting: RHB Forace Oxendine 0-0: Ball
1-0: Ball
2-0: Called Strike
2-1: Ball
3-1: Called Strike
3-2: Base on Balls
Batting: RHB Dick E Scott 0-0: DOUBLE (Groundball, 3L, EV 110.6 MPH)
Forace Oxendine to third
Batting: RHB Gus Polidor 0-0: Ground out 4-3 (Groundball, 4M, EV 87.5 MPH)
Forace Oxendine scores
Dick E Scott to third
Batting: RHB Juan Picart 0-0: Called Strike
0-1: Called Strike
0-2: SINGLE (Groundball, 25, EV 63.8 MPH) (infield hit)
Dick E Scott scores
Batting: SHB Elton Hooker 0-0: Ball
1-0: Foul Ball, location: 2F
1-1: Ball
2-1: Foul Ball, location: 2F
2-2: Ground out 4-3 (Groundball, 4, EV 106.9 MPH)
Top of the 9th over - 2 runs, 2 hits, 0 errors, 1 left on base; Fargo 7 - Ogden 9
Wednesday, August 19th, 2020 - OOTP Baseball 21.5 Build 76